 Dungeon Crawl Stone Soup version 0.26-a0-54-g15ccc7ae60 (webtiles) character file.

Game seed: 13843133568998962189

21420 Ozzies the Warrior (level 12, -14/122 HPs)
             Began as a Minotaur Fighter on June 7, 2020.
             Was the Champion of Makhleb.
             Demolished by an orc warrior
             ... wielding a +0 trident
             ... led by an orc knight
              (31 damage)
             ... on level 2 of the Orcish Mines.
             The game lasted 00:54:54 (14650 turns).

Ozzies the Warrior (Minotaur Fighter)              Turns: 14650, Time: 00:54:55

Health: -14/122    AC:  4    Str: 26    XL:     12   Next: 54%
Magic:  14/14      EV:  9    Int:  5    God:    Makhleb [******]
Gold:   1351       SH: 11    Dex: 10    Spells: 11/11 levels left

rFire    . . .     SeeInvis .   F - +5 spear (venom)
rCold    . . .     Gourm    .   c - +0 kite shield
rNeg     + . .     Faith    .   O - +4 chain mail
rPois    .         Spirit   .   u - +1 hat
rElec    .         Reflect  .   D - scarf {repulsion}
rCorr    .         Harm     .   (no gloves)
MR       +....                  (no boots)
Stlth    ..........             Q - amulet of regeneration
HPRegen  0.70/turn              A - ring of positive energy
MPRegen  0.14/turn              I - ring of protection from magic

@: corroded, repel missiles
A: retaliatory headbutt, horns 2
a: Minor Destruction, Lesser Servant of Makhleb, Major Destruction, Greater
Servant of Makhleb, Renounce Religion


You were on level 2 of the Orcish Mines.
You worshipped Makhleb.
Makhleb was exalted by your worship.
You were not hungry.

You visited 2 branches of the dungeon, and saw 14 of its levels.

You collected 1411 gold pieces.
You spent 60 gold pieces at shops.

Inventory:

Hand Weapons
 a - a +0 vampiric war axe
 g - a +6 vampiric bardiche
 B - a +2 battleaxe of flaming
 F - a +5 spear of venom (weapon)
 P - a +1 trident of venom
Armour
 b - a +0 scale mail
 c - a +0 kite shield (worn)
 u - a +1 hat (worn)
 D - a scarf of repulsion (worn)
 N - a scarf of invisibility
 O - a +4 chain mail (worn)
 R - a +0 plate armour
Jewellery
 i - a +6 ring of strength
 j - an uncursed ring of protection from fire
 y - an uncursed ring of fire
 A - a ring of positive energy (left hand)
 I - a ring of protection from magic (right hand)
 L - an uncursed amulet of the acrobat
 Q - an amulet of regeneration (around neck)
Wands
 k - a wand of acid (18)
 l - a wand of enslavement (9)
 q - a wand of random effects (39)
 H - a wand of digging (8)
 K - a wand of flame (49)
Scrolls
 m - 4 scrolls of teleportation
 n - 3 scrolls of identify
 v - 2 scrolls of amnesia
 z - 7 scrolls of remove curse
 C - 4 scrolls of immolation
Potions
 d - 3 potions of might
 e - a potion of mutation
 h - 3 potions of heal wounds
 o - 2 potions of lignification
 p - 3 potions of degeneration
 r - 6 potions of curing
 s - 3 potions of flight
 t - 2 potions of resistance
 w - 2 potions of stabbing
 E - 2 potions of cancellation
 G - a potion of haste
 M - a potion of experience
Comestibles
 f - 22 rations


   Skills:
 * Level 15.8 Fighting
 - Level 8.5(10.9) Axes
 - Level 10.9(12.0) Polearms
 + Level 9.4 Armour
 + Level 5.5 Dodging
 - Level 7.6 Shields
 + Level 4.1 Invocations


You had 11 spell levels left.
You didn't know any spells.
Your spell library contained the following spells:

 Spells                   Type           Power        Failure   Level  Hunger
 Beastly Appendage        Tmut           #.....       100%        1    ##.....
 Sticks to Snakes         Tmut           #.......     100%        2    ###....
 Spider Form              Tmut/Pois      #.........   100%        3    ####...
 Ice Form                 Ice/Tmut       #.......     100%        4    #####..
 Blade Hands              Tmut           #.........   100%        5    ######.
 Bolt of Magma            Conj/Fire/Erth #.........   100%        5    ######.
 Iskenderun's Battlesphe  Conj/Chrm      #.......     100%        5    ######.
 Iron Shot                Conj/Erth      #.........   100%        6    #######
 Orb of Destruction       Conj           #.........   100%        7    #######
 Spellforged Servitor     Conj/Summ      #.........   100%        7    #######


Dungeon Overview and Level Annotations

Branches:
Dungeon (12/15)            Temple (0/1) D:4            Lair (0/6) D:8
    Orc (2/2) D:9             Elf (0/3) Orc:2

Altars:
Dithmenos
Makhleb

Shops:
D:10 %   D:12 (   Orc:2 ?*


Innate Abilities, Weirdness & Mutations

You reflexively headbutt those who attack you in melee.
You have a pair of horns on your head.


Message History

You closely miss the orc knight. You headbutt the orc knight!
The orc knight is heavily wounded.
The orc warrior no longer looks unusually strong.
The orc knight hits you with a cursed -2 long sword.
You block the orc's attack.
The orc warrior hits you with a +0 mace!
You hit the orc knight.
You headbutt the orc knight, but do no damage.
The orc knight is severely wounded.
The orc warrior hits you from afar with a +0 trident.
The orc hits you.
You puncture the orc knight!
The orc knight looks as sick as possible!
You headbutt the orc knight, but do no damage.
The orc knight is severely wounded.
The orc knight hits you with a cursed -2 long sword!!
* * * LOW HITPOINT WARNING * * *
You block the orc warrior's attack.
The orc warrior hits you from afar with a +0 trident!!
You die...

......................
([(.....................
..[.....................
.......................#
....[.................#
...##...#.............#
..###..###.#.........##.
.###..#####.......$.....
###..###.###....@)o.$...
##..###...####.ooo......
#..###.#.# ##.........
)[###..)# ##........
[###...## ###......
###...## #..... ..)..##
#.... #...## #... ...##


You could see an orc knight (extremely poisoned), 2 orc warriors and an orc
(strong).

Vanquished Creatures
  3 two-headed ogres
  2 orc knights
  3 orc sorcerers
  A deep elf mage (D:12)
  A manticore (D:12)
  2 cyclopes
  2 ugly things
  A rust devil (Orc:2)
  A komodo dragon (D:12)
  An ice devil (Orc:2)
  3 trolls
  A hippogriff (D:12)
  2 shadows (D:12)
  A wraith (D:11)
  14 yaks
  A vampire (D:10)
  2 hungry ghosts
  Grum (D:10)
  5 wargs (Orc:1)
  An acid dragon (D:11)
  A water moccasin (D:11)
  3 porcupines (D:8)
  A soldier ant (D:10)
  A sky beast (D:8)
  2 hornet zombies
  A phantom (D:4)
  24 orc warriors
  A black bear (D:8)
  4 wolves (D:10)
  9 ogres
  5 centaurs
  5 crocodiles
  2 big kobolds
  2 bullfrogs
  Blork the orc (D:6)
  A gnoll sergeant (D:7)
  A wyvern skeleton (D:10)
  A wyvern zombie (D:11)
  7 scorpions
  15 killer bees
  14 wights
  2 electric eels (D:10)
  8 crimson imps
  2 bullfrog zombies (D:5)
  8 jellies
  2 quasits
  2 centaur zombies
  23 orc priests
  6 hounds
  A centaur skeleton (D:8)
  Jessica (D:3)
  5 iguanas
  13 orc wizards
  5 worker ants
  A hound zombie (D:5)
  A worker ant zombie (D:10)
  11 gnolls
  14 adders
  3 shadow imps
  An ooze (D:4)
  2 adder zombies
  2 adder skeletons
  3 worms
  3 dart slugs
  5 leopard geckos
  64 orcs
  2 ball pythons
  6 bats
  8 giant cockroaches
  5 goblins
  7 hobgoblins
  9 jackals
  9 kobolds
  7 quokkas
  3 frilled lizards
  3 rats (D:1)
396 creatures vanquished.

Vanquished Creatures (others)
  14 fungi (D:8)
  A plant (D:8)
15 creatures vanquished.

Grand Total: 411 creatures vanquished

Notes
Turn   | Place    | Note
-------+----------+-------------------------------------------
     0 | D:1      | Ozzies the Minotaur Fighter began the quest for the Orb.
     0 | D:1      | Reached XP level 1. HP: 19/19 MP: 0/0
    54 | D:1      | Reached XP level 2. HP: 7/27 MP: 1/1
    55 | D:1      | Reached skill level 4 in Fighting
   477 | D:1      | Reached XP level 3. HP: 33/33 MP: 2/2
  1197 | D:2      | Found a faded altar of an unknown god.
  1446 | D:2      | Reached skill level 5 in Fighting
  1446 | D:2      | Reached XP level 4. HP: 26/42 MP: 3/3
  1604 | D:2      | You fall into a shaft and drop 2 floors!
  1852 | D:4      | Noticed a phantom
  1880 | D:4      | Killed a phantom
  1880 | D:4      | Reached skill level 6 in Fighting
  1880 | D:4      | Reached XP level 5. HP: 34/50 MP: 4/4
  2092 | D:4      | Noticed an ogre
  2102 | D:4      | Killed an ogre
  2102 | D:4      | Reached XP level 6. HP: 20/58 MP: 5/5
  2137 | D:4      | Reached skill level 7 in Fighting
  2363 | D:4      | Reached skill level 5 in Axes
  2497 | D:4      | Found a burning altar of Makhleb.
  2504 | D:4      | Became a worshipper of Makhleb the Destroyer
  2933 | D:4      | Found a staircase to the Ecumenical Temple.
  3782 | D:3      | Noticed Jessica
  3793 | D:3      | Killed Jessica
  3793 | D:3      | Reached XP level 7. HP: 58/67 MP: 6/6
  4466 | D:5      | Entered Level 5 of the Dungeon
  4474 | D:5      | Reached skill level 8 in Fighting
  4504 | D:5      | Reached * piety under Makhleb
  4688 | D:5      | Reached skill level 9 in Fighting
  4930 | D:5      | Reached XP level 8. HP: 55/79 MP: 7/7
  5681 | D:6      | Noticed Blork the orc
  5686 | D:6      | Reached skill level 10 in Fighting
  5690 | D:6      | Killed Blork the orc
  6632 | D:7      | Reached ** piety under Makhleb
  6804 | D:7      | Reached skill level 1 in Polearms
  7042 | D:7      | Reached XP level 9. HP: 86/86 MP: 8/8
  7284 | D:7      | Reached skill level 5 in Armour
  7341 | D:7      | Reached skill level 5 in Shields
  7571 | D:7      | Reached skill level 11 in Fighting
  7745 | D:8      | Found a staircase to the Lair.
  8287 | D:8      | Reached skill level 5 in Polearms
  8327 | D:8      | Noticed a two-headed ogre
  8334 | D:8      | Killed a two-headed ogre
  8409 | D:8      | Reached XP level 10. HP: 97/97 MP: 9/9
  8430 | D:8      | Reached skill level 12 in Fighting
  8562 | D:8      | Reached *** piety under Makhleb
  8961 | D:9      | Found a staircase to the Orcish Mines.
  8987 | D:9      | Found a shadowy altar of Dithmenos.
  9761 | D:10     | Entered Level 10 of the Dungeon
  9910 | D:10     | Reached **** piety under Makhleb
 10110 | D:10     | Reached skill level 13 in Fighting
 10149 | D:10     | Noticed Grum
 10171 | D:10     | Killed Grum
 10694 | D:10     | Found Ulyd's Food Shop.
 11075 | D:11     | Reached skill level 14 in Fighting
 11075 | D:11     | Reached XP level 11. HP: 84/110 MP: 10/10
 11137 | D:11     | Reached skill level 1 in Dodging
 11181 | D:10     | HP: 4/110 [yak (7)]
 11343 | D:10     | Identified a scroll of acquirement
 11662 | D:11     | Noticed a red ugly thing
 11673 | D:11     | Killed a red ugly thing
 12077 | D:12     | Found Xigos's Antique Weapon Emporium.
 12198 | D:12     | Noticed a two-headed ogre
 12217 | D:12     | Killed a two-headed ogre
 12217 | D:12     | Reached skill level 1 in Invocations
 12435 | D:12     | Reached ***** piety under Makhleb
 12526 | D:12     | Noticed an orc knight
 12554 | D:12     | Killed an orc knight
 12598 | D:12     | Noticed a deep elf mage
 12616 | D:12     | Killed a deep elf mage
 12647 | D:12     | Noticed a two-headed ogre
 12655 | D:12     | Killed a two-headed ogre
 12655 | D:12     | Reached skill level 10 in Polearms
 12837 | D:12     | Noticed a brown ugly thing
 12847 | D:12     | Killed a brown ugly thing
 12864 | D:12     | Reached skill level 15 in Fighting
 13057 | D:12     | Reached XP level 12. HP: 116/119 MP: 12/12
 13237 | Orc:1    | Entered Level 1 of the Orcish Mines
 13909 | Orc:2    | Entered Level 2 of the Orcish Mines
 14097 | Orc:2    | Found Gaxoehiy's Magic Scroll Shop.
 14100 | Orc:2    | Found Eramean's General Store.
 14116 | Orc:2    | Reached skill level 5 in Dodging
 14381 | Orc:2    | Found a staircase to the Elven Halls.
 14545 | Orc:2    | Bought a scroll of identify for 30 gold pieces
 14545 | Orc:2    | Bought a scroll of identify for 30 gold pieces
 14642 | Orc:2    | Reached ****** piety under Makhleb
 14650 | Orc:2    | Demolished by an orc warrior

Illustrated notes

Levels and vault maps discovered:
D:1:      elethiomel_arrival_infinity_welcomes_careful_drivers, layout_rooms
D:2:      layout_basic, chequers_ecumenical_altar_simple, first_ration,
          serial_corexii_hall, corexii_hall_statues_t,
          chequers_hall_statues_wall_a
D:3:      layout_basic, uniq_jessica
D:4:      layout_loops_cross, kennysheep_mini_moat, minmay_temple_entry_fiery,
          grunt_decor_mini_mirrors
D:5:      layout_rooms
D:6:      layout_gridville, lightli_corner_chamber, uniq_blork_the_orc
D:7:      layout_basic
D:8:      layout_gridville, due_lair_maze_entry_diamond
D:9:      layout_loops_ring, erik_orc_4, blue_anna_alchemist
          [blue_anna_fruit_fields, blue_anna_fruit_fields],
          grunt_dithmenos_smoke
D:10:     layout_loops_corners, serial_shops, kennysheep_little_box,
          minivault_14, uniq_grum
D:11:     layout_long_grid
D:12:     layout_loops_ring, serial_shops, nicolae_shop_crystal, wad_mini_maze
Orc:1:    layout_caves
Orc:2:    pf_orc_diabolical, layout_caves, serial_shops, shop

Skill      XL: |  1  2  3  4  5  6  7  8  9 10 11 12 |
---------------+-------------------------------------+-----
Fighting       | 4 5 6 7 9 10 11 14 15 | 15.8
Armour         | 4 6 7 8 9 |  9.4
Shields        | 4 6 7 |  7.6
Axes           | 3 4 5 6 8 |  8.5
Polearms       | 2 6 8 10 | 10.9
Dodging        | 4 5 |  5.5
Invocations    | 2 4 |  4.1

Action                   |  1- 3 |  4- 6 |  7- 9 | 10-12 || total
-------------------------+-------+-------+-------+-------++-------
Melee: War axe           |    82 |   115 |   149 |       ||   346
       Headbutt          |    11 |    18 |    59 |   195 ||   283
       Spear             |       |       |   143 |  1026 ||  1169
Invok: Lesser Servant of |       |       |       |     1 ||     1
  Use: Scroll            |       |       |     4 |    20 ||    24
       Potion            |       |       |       |     4 ||     4
  Eat: Chunk             |     2 |     6 |    14 |    22 ||    44
       Ration            |       |       |     1 |       ||     1
Armor: Scale mail        |    47 |    41 |    96 |    23 ||   207
       Chain mail        |       |       |       |   177 ||   177
Dodge: Dodged            |    27 |    35 |    64 |   159 ||   285
       Repelled          |       |       |       |     7 ||     7
Block: Kite shield       |    50 |    50 |   116 |   321 ||   537

Table legend:
 A = Non-vault XP
 B = Vault XP
 C = Vault XP percentage of total XP
 D = Non-vault monster count
 E = Vault monster count
 F = Vault count percentage of total count
                 A         B        C        D         E       F
            +---------+---------+-------+---------+---------+-------
      Total |   23541 |    7059 |  23.1 |     329 |      67 |  16.9
            +---------+---------+-------+---------+---------+-------
        D:1 |      54 |       0 |   0.0 |      27 |       0 |   0.0
        D:2 |      55 |       0 |   0.0 |      10 |       0 |   0.0
        D:3 |      90 |      37 |  29.1 |      20 |       1 |   4.8
        D:4 |     520 |       0 |   0.0 |      20 |       0 |   0.0
        D:5 |     854 |       0 |   0.0 |      25 |       0 |   0.0
        D:6 |     287 |      90 |  23.9 |      15 |       1 |   6.2
        D:7 |    1408 |       0 |   0.0 |      30 |       0 |   0.0
        D:8 |    2004 |     934 |  31.8 |      22 |       9 |  29.0
        D:9 |     164 |     549 |  77.0 |      10 |      16 |  61.5
       D:10 |    3533 |     650 |  15.5 |      28 |       5 |  15.2
       D:11 |    3238 |       0 |   0.0 |      24 |       0 |   0.0
       D:12 |    5920 |    1580 |  21.1 |      41 |       3 |   6.8
      Orc:1 |    3487 |     182 |   5.0 |      36 |       6 |  14.3
      Orc:2 |    1927 |    3037 |  61.2 |      21 |      26 |  55.3
            +---------+---------+-------+---------+---------+-------
